 Dungeon Crawl Stone Soup version 0.30-b1-2-g02819fbbbe (webtiles) character file.

Game seed: 6083614219088708528

8861 Sassenached the Fighter (level 10, -3/87 (91) HPs)
             Began as a Demigod Wanderer on May 17, 2023.
             Slain by a dream sheep (4 damage)
             ... on level 9 of the Dungeon.
             The game lasted 00:17:40 (10174 turns).

Sassenached the Fighter (Demigod Wanderer)         Turns: 10174, Time: 00:17:41

HP:   -3/87 (91)    AC: 14    Str: 21    XL:     10   Next: 93%
MP:   15/15         EV: 11    Int: 16    God:
Gold: 489           SH:  5    Dex: 21    Spells: 10/12 levels left

rFire   . . .        a - +4 great sword (elec)
rCold   . . .        (shield currently unavailable)
rNeg    + . .        o - +0 steam dragon scales
rPois   .            m - +0 helmet
rElec   .            y - +0 cloak
rCorr   .            d - +1 pair of gloves
SInv    .            w - +0 pair of boots
Will    +....        h - amulet of reflection
Stlth   ++           f - ring of positive energy
HPRegen 0.34/turn    x - +6 ring of dexterity
MPRegen 0.14/turn

%: reflection
@: mighty, lightly drained
A: high MP 1, forlorn, divine attributes, iridescent scales 1, sturdy frame 1
a: no special abilities


You were on level 9 of the Dungeon.
You visited 1 branch of the dungeon, and saw 9 of its levels.
You also visited: Sewer and Ossuary.

You collected 489 gold pieces.

Inventory:

Hand Weapons
 a - a +4 great sword of electrocution (weapon)
 b - a +1 sling of freezing
 A - a +1 scimitar of flaming
 D - a +1 flail of holy wrath
Armour
 d - a +1 pair of gloves (worn)
 k - a +0 ring mail
 m - a +0 helmet (worn)
 o - +0 steam dragon scales (worn)
 w - a +0 pair of boots (worn)
 y - a +0 cloak (worn)
Jewellery
 f - a ring of positive energy (left hand)
 h - an amulet of reflection (around neck)
 r - an amulet of regeneration
 t - a ring of positive energy
 x - a +6 ring of dexterity (right hand)
Wands
 C - a wand of polymorph (6)
Scrolls
 c - 2 scrolls of blinking
 e - 2 scrolls of immolation
 i - 5 scrolls of teleportation
 j - 2 scrolls of poison
 l - 4 scrolls of enchant armour
 n - a scroll of summoning
Potions
 g - 2 potions of brilliance
 p - 2 potions of heal wounds
 q - a potion of flight
 s - 2 potions of magic
 u - a potion of resistance
 v - a potion of might
 z - a potion of attraction {unknown}
 B - a potion of berserk rage {unknown}


   Skills:
 + Level 9.6 Fighting
 - Level 9.0 Long Blades
 - Level 1.0 Axes
 - Level 6.9 Ranged Weapons
 - Level 7.3 Armour
 - Level 1.0 Stealth
 - Level 1.7 Spellcasting
 - Level 3.6 Earth Magic
 - Level 2.3 Evocations


You had 10 spell levels left.
You knew the following spells:

 Your Spells              Type           Power      Damage    Failure   Level
a - Sandblast             Erth           24%        2d8       4%          1
b - Apportation           Tloc           2%         N/A       22%         1

Your spell library contained the following spells:

 Spells                   Type           Power      Damage    Failure   Level
 Necrotise                Necr           4%         1d4       22%         1
 Summon Small Mammal      Summ           4%         N/A       22%         1
 Cigotuvi's Dreadful Rot  Necr/Pois/Air  2%         N/A       32%         2
 Poisonous Vapours        Pois/Air       2%         N/A       32%         2
 Ignite Poison            Fire/Tmut/Pois 1%         N/A       54%         3
 Mephitic Cloud           Conj/Pois/Air  1%         N/A       54%         3
 Leda's Liquefaction      Hex/Erth       3%         N/A       71%         4
 Petrify                  Tmut/Erth      7%         N/A       71%         4
 Freezing Cloud           Conj/Ice/Air   0%         6-21      99%         5


Dungeon Overview and Level Annotations

Branches:
Dungeon (9/15)             Temple (0/1) D:4            Lair (0/5) D:8
  Sewer (visited)         Ossuary (visited)
    Orc: D:9-12

Annotations:
D:7 1 transporter


Innate Abilities, Weirdness & Mutations

You have an increased reservoir of magic. (+10% MP)
You shall have no god before yourself.
Your divine heritage dramatically boosts your attributes as you level up.
You are partially covered in iridescent scales. (AC +2)
Your movements are slightly less encumbered by armour. (ER -2)


Message History

The dream sheep shake their wool and sparkle.
You feel drowsy...
You fall asleep.
The dream sheep bites you!!
You wake up.
You feel much better.
You feel sick.
The kobold brigand hits you with a +0 whip.
The dream sheep bites you but does no damage.
You feel very mighty all of a sudden.
You feel sick.
You are no longer poisoned.
The kobold brigand hits you but does no damage.
The dream sheep bites you but does no damage.
The kobold brigand hits you with a +0 whip.
The dream sheep misses you.
You chop the kobold brigand into pieces!!!
You kill the kobold brigand!
The dream sheep ruffle their wool and motes of dream dust sparkle, to no effect.
The dream sheep bites you.
You closely miss the dream sheep. The dream sheep bites you!
You block the dream sheep's attack.
The dream sheep shake their wool and sparkle.
You feel drowsy...
You fall asleep.
The dream sheep bites you but does no damage.
The dream sheep bites you!!
You wake up.
* * * LOW HITPOINT WARNING * * *
The dream sheep bites you.
* * * LOW HITPOINT WARNING * * *
You slash the dream sheep!
The dream sheep is heavily wounded.
The dream sheep bites you but does no damage.
The dream sheep completely misses you.
The dream sheep bites you but does no damage. x2
Unknown command.
You barely miss the dream sheep.
The dream sheep is heavily wounded.
You feel yourself speed up.
The dream sheep bites you but does no damage.
You block the dream sheep's attack. The dream sheep bites you.
* * * LOW HITPOINT WARNING * * *
The dream sheep bites you.
You die...

#..........# #.
#.####.#...# #+###
#.####.##.## #.~~.
.#......##.# #P~~.
♣.#####.....#
#~~P. ♣. # #...###
#P~..♣.♣.#####...#
#~~~YY~..#..##...#
#@####..##...#####
#.......##....##..
#..........#......
#.......#####.##..
#.......# #.####
#.......# #.#
######### #.# #.#
#.#


You could see 2 dream sheep.

Vanquished Creatures
  A two-headed ogre (D:9)
  An ugly thing (D:9)
  An efreet (D:9)
  A troll (D:9)
  Prince Ribbit (D:6)
  A steam dragon (D:6)
  Menkaure (D:6)
  Edmund (D:4)
  3 wargs (D:8)
  An acid dragon (D:9)
  Duvessa (D:5)
  2 sky beasts (D:6)
  An ice beast (D:6)
  A black bear (D:5)
  An ogre (D:5)
  3 phantoms
  7 kobold brigands
  3 elf zombies (Ossuary)
  Blork the orc (D:4)
  2 bullfrogs
  3 scorpions
  14 wights
  Dowan (D:5)
  A howler monkey (D:9)
  2 centaur zombies (Ossuary)
  4 hounds
  7 orc priests
  3 jellies
  2 sleepcaps
  2 iguanas
  Natasha (thrice) (D:4)
  5 orc wizards
  3 mummies (Ossuary)
  13 adders
  2 river rats (Sewer)
  A shadow imp (D:5)
  2 adder zombies (Ossuary)
  2 worms
  3 dart slugs
  20 orcs
  7 endoplasms
  9 giant cockroaches
  4 gnoll zombies (Ossuary)
  10 hobgoblins
  2 jackals (Sewer)
  24 kobolds
  4 quokkas
  7 ball pythons
  2 bats
  5 frilled lizards
  5 goblins
  4 goblin zombies (Ossuary)
  4 hobgoblin zombies (Ossuary)
  A jackal zombie (Ossuary)
  4 orc zombies (Ossuary)
  4 quokka zombies (Ossuary)
  10 rats
  4 rat zombies (Ossuary)
237 creatures vanquished.

Vanquished Creatures (others)
  3 kobolds (D:8)
  13 plants
16 creatures vanquished.

Grand Total: 253 creatures vanquished

Notes
Turn   | Place    | Note
-------+----------+-------------------------------------------
     0 | D:1      | Sassenached the Demigod Wanderer began the quest for the
                  | Orb.
     0 | D:1      | Sassenached set off with the following items: a +0 hand
                  | axe, a +0 ring mail, a scroll of blinking; and the
                  | following spell memorised: Sandblast; and the following
                  | spells available to memorise: Leda's Liquefaction, Petrify.
     0 | D:1      | Reached XP level 1. HP: 14/14 MP: 5/5
   103 | D:1      | Reached skill level 1 in Fighting
   206 | D:1      | Reached XP level 2. HP: 20/23 MP: 7/7
   773 | D:2      | Reached XP level 3. HP: 29/30 MP: 8/8
  2170 | D:3      | Reached XP level 4. HP: 38/38 MP: 9/9
  2546 | D:4      | Reached XP level 5. HP: 47/47 MP: 10/10
  2560 | D:4      | Found a glowing drain.
  2584 | Sewer    | Entered a sewer
  2602 | Sewer    | Reached skill level 5 in Fighting
  3232 | Sewer    | Reached XP level 6. HP: 47/57 MP: 11/11
  3512 | D:4      | Noticed Natasha
  3518 | D:4      | Killed Natasha
  3548 | D:4      | Noticed Natasha
  3563 | D:4      | Killed Natasha
  3748 | D:4      | Noticed Blork the orc
  3762 | D:4      | Killed Blork the orc
  3922 | D:4      | Found a staircase to the Ecumenical Temple.
  3928 | D:4      | Noticed Edmund
  3962 | D:4      | Killed Edmund
  3963 | D:4      | Reached XP level 7. HP: 21/66 MP: 12/12
  4574 | D:4      | Reached skill level 1 in Long Blades
  4586 | D:4      | Noticed Natasha
  4598 | D:4      | Killed Natasha
  4960 | D:5      | Entered Level 5 of the Dungeon
  5948 | D:5      | Noticed Duvessa
  5962 | D:5      | Killed Duvessa
  5963 | D:5      | Reached skill level 1 in Evocations
  6041 | D:5      | Noticed Dowan
  6052 | D:5      | Killed Dowan
  6053 | D:5      | Reached XP level 8. HP: 41/74 MP: 13/13
  6456 | D:6      | Noticed Menkaure
  6506 | D:6      | Gained mutation: You have sharp toenails. [potion of
                  | mutation]
  6507 | D:6      | Lost mutation: You have sharp toenails. [potion of
                  | mutation]
  6507 | D:6      | Gained mutation: You are partially covered in iridescent
                  | scales. (AC +2) [potion of mutation]
  6507 | D:6      | Gained mutation: Your movements are slightly less
                  | encumbered by armour. (ER -2) [potion of mutation]
  6628 | D:6      | Killed Menkaure
  6787 | D:6      | Reached skill level 5 in Long Blades
  7219 | D:5      | Reached XP level 9. HP: 68/81 MP: 14/14
  7259 | D:5      | Learned a level 1 spell: Apportation
  7467 | D:6      | Noticed Prince Ribbit
  7481 | D:6      | Killed Prince Ribbit
  7533 | D:6      | Reached XP level 10. HP: 88/88 MP: 15/15
  7807 | D:7      | Found a transporter.
  8068 | D:8      | Found a sand-covered staircase.
  8080 | Ossuary  | Entered an ossuary
  8469 | D:8      | Found a staircase to the Lair.
  9582 | D:9      | Noticed a purple ugly thing
  9582 | D:9      | Noticed a two-headed ogre
  9587 | D:9      | Killed a two-headed ogre
  9593 | D:9      | Killed a purple ugly thing
 10174 | D:9      | HP: 1/87 [dream sheep (6)]
 10174 | D:9      | Slain by a dream sheep

Illustrated notes

Levels and vault maps discovered:
D:1:      minmay_arrival_three_doors, layout_rooms,
          ebering_ecumenical_altar_hall
D:2:      minmay_angry_zag, layout_basic, basic_altar, minmay_tromino_mix6
D:3:      layout_loops_cross, trog_book
D:4:      layout_basic, minmay_temple_entry_slanted, gup_sewer_entry_pipe,
          serial_bayou_pond_a, uniq_natasha, uniq_blork_the_orc, uniq_edmund
D:5:      layout_basic, old_standard_altar, dk_vineyard_3, uniq_duvessa
D:6:      layout_rooms, kennysheep_nub, uniq_prince_ribbit1, uniq_menkaure
D:7:      layout_cave_pools, xom_redecorated, gammafunk_ghost_smash
D:8:      layout_cave_pods, erik_lair_orcish_takeover, enter_ossuary_1
D:9:      layout_loops_cross, minivault_25_ag, kennysheep_pointless_box,
          hangedman_ranch

Skill      XL: |  1  2  3  4  5  6  7  8  9 10 |
---------------+-------------------------------+-----
Fighting       | 1 2 3 4 6 7 8 9 |  9.6
Long Blades    | 3 7 8 9 |  9.0
Evocations     | 2 |  2.3
Ranged Weapons | 6 |  6.9
Armour         | 7 |  7.3
Axes           | |  1.0
Stealth        | |  1.0
Spellcasting   | |  1.7
Earth Magic    | |  3.6

Action                     |  1- 3 |  4- 6 |  7- 9 | 10-12 || total
---------------------------+-------+-------+-------+-------++-------
  Melee: Hand axe          |    93 |     5 |       |       ||    98
         Punch             |     3 |     1 |     2 |       ||     6
         Scimitar          |    36 |   195 |   118 |       ||   349
         Great sword       |       |       |    56 |   184 ||   240
   Fire: Sling             |    34 |    29 |    27 |    41 ||   131
   Cast: Sandblast         |     2 |       |       |       ||     2
  Evoke: Wand              |       |       |     4 |       ||     4
    Use: Scroll            |     1 |     6 |     7 |     4 ||    18
         Potion            |       |     3 |     5 |     3 ||    11
   Stab: Sleeping          |     1 |       |       |     2 ||     3
         Distracted        |       |       |       |     2 ||     2
 Armour: Ring mail         |    87 |    86 |    77 |       ||   250
         Steam dragon scal |       |       |     9 |    80 ||    89
  Dodge: Dodged            |    87 |   113 |    80 |    97 ||   377
  Block: Other             |    24 |    55 |    44 |    40 ||   163
         Reflection        |     2 |     1 |     1 |     5 ||     9
